 Dungeon Crawl Stone Soup version 0.27.1-1-g398f81649c (webtiles) character file.

Game seed: 8657806262299128771

10 Borgoz the Skirmisher (level 2, -1/19 HPs)
             Began as a Gargoyle Berserker on Sept 21, 2021.
             Was a Follower of Trog.
             Slain by a goblin (2 damage)
             ... on level 1 of the Dungeon.
             The game lasted 00:00:23 (508 turns).

Borgoz the Skirmisher (Gargoyle Berserker)           Turns: 508, Time: 00:00:23

Health: -1/19      AC:  5    Str: 20    XL:     2   Next: 20%
Magic:  2/2        EV: 12    Int:  7    God:    Trog [*.....]
Gold:   14         SH:  0    Dex:  9    Spells: 1/1 levels left

rFire    . . .     SeeInvis .   a - +0 falchion
rCold    . . .     Faith    .   (no shield)
rNeg     + . .     Spirit   .   b - +0 animal skin
rPois    ∞         Reflect  .   (no helmet)
rElec    +         Harm     .   (no cloak)
rCorr    .         Rampage  .   (no gloves)
Will     .....                  (no boots)
Stlth    +.........             (no amulet)
HPRegen  0.06/turn              (no ring)
MPRegen  0.08/turn              (no ring)

@: no status effects
A: sickness immunity, AC +2, negative energy resistance 1, electricity
resistance, torment resistance 1, petrification resistance
a: Renounce Religion, Berserk


You were on level 1 of the Dungeon.
You worshipped Trog.
Trog was aware of your devotion.
You visited 1 branch of the dungeon, and saw 1 of its levels.

You collected 14 gold pieces.

Inventory:

Hand Weapons
 a - a +0 falchion (weapon)
Armour
 b - a +0 animal skin (worn)


   Skills:
 + Level 3.4 Fighting
 * Level 2.9 Long Blades
 + Level 2.4 Armour
 * Level 1.9 Dodging


You had one spell level left.
You didn't know any spells.
Your spell library was empty.

Dungeon Overview and Level Annotations

Branches:
Dungeon (1/15)

Altars:


Innate Abilities, Weirdness & Mutations

You are immune to sickness and miasma.
Your stone body is resilient. (AC +2)
You are immune to poison.
You resist negative energy. (rN+)
You are resistant to electric shocks. (rElec)
You are resistant to unholy torment.
You are immune to petrification.


Message History

A hobgoblin comes into view.
A hobgoblin is nearby!
A hobgoblin is nearby!
You barely miss the hobgoblin. The hobgoblin closely misses you.
You riposte.
You closely miss the hobgoblin. You barely miss the hobgoblin.
The hobgoblin completely misses you.
You hit the hobgoblin but do no damage. The hobgoblin hits you.
The hobgoblin closely misses you.
You hit the hobgoblin.
You kill the hobgoblin!
Trog accepts your kill.
No target in view!
No target in view!
No target in view!
A goblin comes into view.
It is wielding a +2 dagger of electrocution.
The goblin shouts!
A goblin is nearby!
A goblin is nearby!
A goblin is nearby!
You hit the goblin but do no damage.
The goblin hits you with a +2 dagger of electrocution.
You closely miss the goblin. The goblin misses you.
The goblin closely misses you.
You closely miss the goblin.
The goblin hits you with a +2 dagger of electrocution.
You miss the goblin.
The goblin hits you with a +2 dagger of electrocution.
You closely miss the goblin. The goblin hits you but does no damage.
You barely miss the goblin.
The goblin hits you with a +2 dagger of electrocution.
You closely miss the goblin.
The goblin hits you with a +2 dagger of electrocution.
You are too injured to fight recklessly!
You are too injured to fight recklessly!
You completely miss the goblin.
The goblin hits you with a +2 dagger of electrocution.
* * * LOW HITPOINT WARNING * * *
You closely miss the goblin.
The goblin hits you with a +2 dagger of electrocution.
You die...

############
#######...........
.......##.#####..#
.......##.# ..#
.......##.# ... #
.......##.# #.#.#
.......##.# #g#.#####
..#######.######@.......
..# #.....##.........
..# #.....##.......##
..# #...............#
..# #.....##..#.##..#
..# #.....##..#... ..
..# ########..#.##..#
..# #..... . ..# #.....


You could see a goblin.

Vanquished Creatures
  A goblin (D:1)
  5 hobgoblins (D:1)
  2 frilled lizards (D:1)
  A kobold (D:1)
9 creatures vanquished.

Notes
Turn   | Place    | Note
-------+----------+-------------------------------------------
     0 | D:1      | Borgoz the Gargoyle Berserker began the quest for the Orb.
     0 | D:1      | Reached XP level 1. HP: 14/14 MP: 1/1
   197 | D:1      | Reached XP level 2. HP: 10/19 MP: 2/2
   508 | D:1      | Slain by a goblin

Illustrated notes

Levels and vault maps discovered:
D:1:      dpeg_arrival_refuge, layout_basic

Action                   || total
-------------------------++-------
Melee: Falchion          ||    43
Armor: Animal skin       ||     8
Dodge: Dodged            ||    23
       Rpst.: Falchion   ||     3
